AoeStats
← arcolys

Arabia

508657149Analyzed
1v1 RM · 8d ago on Sep 23, 2026· 120m 43s· 2 players
Game mode
Random Map
Map size
Tiny (2 player)
Population
200
Speed
Normal
Resources
Standard
Victory
Conquest
Starting age
Dark Age
Ending age
Imperial Age
RankedLock teamsTeams togetherTeam positionsShared explorationLock speedFull tech treeHidden civsTurbo modeCheats
Victory
Defeat
🇩🇪 Persians · Germany
398
+20
🇩🇪 Britons · Germany
494
-20
arcolys
10:35 Feudal Age
12:40 Wheelbarrow
11:40 Man-at-Arms
18:03 Double-Bit Axe
19:57 Forging
19:48 Scale Mail Armor
24:43 Castle Age
24:24 Fletching
24:35 Padded Archer Armor
24:40 Scale Barding Armor
25:43 Long Swordsman
26:25 Squires
27:46 Chain Mail Armor
29:51 Horse Collar
32:03 Pikeman
34:26 Gold Mining
34:27 Stone Mining
35:22 Heavy Plow
36:32 Husbandry
36:53 Hand Cart
42:18 Imperial Age
40:01 Murder Holes
40:27 Ballistics
40:47 Iron Casting
40:57 Bloodlines
40:16 Elite Skirmisher
41:04 Thumb Ring
47:03 Chemistry
47:51 Blast Furnace
47:21 Crossbowman
48:09 Guard Tower
48:00 Cavalier
52:01 Leather Archer Armor
57:07 Plate Mail Armor
56:57 Chain Barding Armor
61:57 Plate Barding Armor
60:50 Halberdier
Fischi
10:06 Loom
12:27 Feudal Age
14:03 Wheelbarrow
13:15 Town Watch
13:23 Double-Bit Axe
17:01 Castle Age
14:59 Horse Collar
15:55 Padded Archer Armor
15:45 Fletching
18:41 Town Watch
20:35 Man-at-Arms
21:42 Long Swordsman
32:06 Crossbowman
37:37 Pikeman
42:40 Imperial Age
42:50 Halberdier
44:07 Leather Archer Armor
43:42 Fletching
43:44 Arbalester
43:45 Heavy Mounted Crossbowman
43:46 Cranequins
58:30 Elite Longbowman
63:46 Cavalier
68:52 Gambesons
69:08 Squires
68:54 Arson
74:01 Ring Archer Armor
73:27 Bodkin Arrow
75:17 Two-Handed Swordsman
83:06 Bow Saw
92:48 Champion
105:12 Capped Ram
107:33 Light Cavalry
111:06 Heavy Plow
Connection lost

Rejoining the realm…

Still unreachable

The connection could not be restored.

Session expired

The server has moved on; the page needs a fresh start.